 Dungeon Crawl Stone Soup version 0.30.0-10-gfe55d96785 (webtiles) character file.

Game seed: 1476379057044614201

1547 qw the Cleaver (level 8, -6/51 HPs)
             Began as a Gargoyle Cinder Acolyte on May 17, 2023.
             Was an Elder of Ignis.
             Mangled by an ogre
             ... wielding a +0 giant club
              (21 damage)
             ... on level 6 of the Dungeon.
             The game lasted 00:02:42 (6073 turns).

qw the Cleaver (Gargoyle Cinder Acolyte)            Turns: 6073, Time: 00:02:43

Health: -6/51      AC: 30    Str: 19    XL:     8   Next: 87%
Magic:  9/9        EV:  6    Int: 16    God:    Ignis [****..]
Gold:   342        SH:  5    Dex:  5    Spells: 9/9 levels left

rFire   + + +        m - +9 war axe of the Girdle {flame, rF+}
rCold   . . .        (no shield)
rNeg    + . .        f - +1 plate armour {rF+}
rPois   inf          (no helmet)
rElec   +            g - +2 cloak
rCorr   +            d - +0 pair of gloves
SInv    +            (no boots)
Will    .....        e - amulet of reflection Stlth
                     i - ring of see invisible
HPRegen 0.28/turn    k - ring of resist corrosion
MPRegen 0.11/turn

%: reflection
@: fiery-armoured
A: sickness immunity, AC +5, negative energy resistance 1, electricity
resistance, torment resistance 1, petrification resistance
a: Renounce Religion, Fiery Armour, Foxfire Swarm, Rising Flame


You were on level 6 of the Dungeon.
You worshipped Ignis.
Ignis was greatly pleased with you.
You visited 1 branch of the dungeon, and saw 6 of its levels.

You collected 342 gold pieces.


Innate Abilities, Weirdness & Mutations

You are immune to sickness and miasma.
Your stone body is resilient. (AC +5)
You are immune to poison.
You resist negative energy. (rN+)
You are resistant to electric shocks. (rElec)
You are resistant to unholy torment.
You are immune to petrification.


   Skills:
 - Level 6.0 Fighting
 + Level 8.2 Axes
 - Level 5.3 Armour
 - Level 1.0 Spellcasting
 - Level 3.0 Fire Magic


You had 9 spell levels left.
You didn't know any spells.
Your spell library contained the following spells:

 Spells                   Type           Power      Damage    Failure   Level
 Scorch                   Fire           20%        2d5       96%         2

Inventory:

Hand Weapons
 m - the +9 war axe of the Girdle (weapon) {flame, rF+}
   (You found it on level 6 of the Dungeon)

   rF:        It protects you from fire.
Armour
 d - a +0 pair of gloves (worn)
 f - a +1 plate armour of fire resistance (worn)
 g - a +2 cloak (worn)
Jewellery
 e - an amulet of reflection (around neck)
 i - a ring of see invisible (left hand)
 k - a ring of resist corrosion (right hand)
Scrolls
 b - a scroll of identify
 c - 2 scrolls of teleportation
Potions
 a - a potion of haste
 j - a potion of curing {unknown}
 l - a potion of degeneration {unknown}

Dungeon Overview and Level Annotations

Branches:
Dungeon (6/15)             Temple (0/1) D:5

Altars:
Makhleb
The Shining One


Message History

A shadow imp is nearby!
You block the shadow imp's attack.
You slash the shadow imp! You burn the shadow imp.
You kill the shadow imp!
You start waiting.
Done waiting.
You now have 342 gold pieces (gained 12).
A sleepcap comes into view.
You slash the sleepcap! You burn the sleepcap. You punch the sleepcap.
The sleepcap is heavily damaged.
The sleepcap releases spores at you.
You slash the sleepcap! You burn the sleepcap.
The sleepcap is almost destroyed.
The sleepcap releases spores at you but does no damage.
You hit the sleepcap. You burn the sleepcap.
You destroy the sleepcap!
You start resting.
HP restored.
An ogre comes into view. It is wielding a +0 giant club.
The ogre shouts!
The ogre moves out of view.
You hit the ogre but do no damage. You block the ogre's attack.
You barely miss the ogre.
The ogre hits you with a +0 giant club!!
You barely miss the ogre. You slash the ogre! You burn the ogre.
The ogre is moderately wounded.
The ogre hits you with a +0 giant club!!
6071 ||| INVOKING Fiery Armour.
A protective cloak of flame settles atop you.
The ogre hits you but does no damage.
The ogre is burned by your cloak of flames.
The ogre is severely wounded.
You closely miss the ogre.
The ogre is severely wounded.
You hit the ogre. You burn the ogre.
The ogre is almost dead.
The ogre hits you with a +0 giant club!!
You die...

#.#####........####
#.# #.######## #.#
#.# #.# #.# #.# #.#
# #.# #.# . #.#
#.########## #
#.#####...........
. #.........@# #
##########O# .... .
....... ##
###.#..... ..
#.....## ..
#.#.#... .. ...
....


You could see an ogre.

Vanquished Creatures
  Sigmund (D:3)
  Edmund (D:4)
  2 sky beasts (D:6)
  2 black bears
  2 ogres (D:5)
  2 scorpions
  3 hounds
  A jelly (D:3)
  A sleepcap (D:6)
  2 orc priests (D:4)
  3 iguanas
  3 orc wizards (D:4)
  4 gnolls (D:5)
  10 adders
  3 shadow imps
  A white imp (D:6)
  An ufetubus (D:5)
  4 worms
  A dart slug (D:1)
  10 orcs
  6 endoplasms
  5 giant cockroaches (D:1)
  5 hobgoblins
  11 jackals
  7 kobolds
  A quokka (D:3)
  8 ball pythons
  12 bats
  5 frilled lizards
  8 goblins
  2 rats (D:2)
127 creatures vanquished.

Notes
Turn   | Place    | Note
-------+----------+-------------------------------------------
     0 | D:1      | qw the Gargoyle Cinder Acolyte began the quest for the Orb.
     0 | D:1      | Reached XP level 1. HP: 14/14 MP: 2/2
     0 | D:1      | 0 ||| qw: Version: 0.2-a-95-g169b19f
     0 | D:1      | 0 ||| qw: Game counter: 191
     0 | D:1      | 0 ||| qw: Always use a shield: true
     0 | D:1      | 0 ||| qw: God list: Okawaru
     0 | D:1      | 0 ||| qw: Allow faded altars: false
     0 | D:1      | 0 ||| qw: Do Orc after D:15 true
     0 | D:1      | 0 ||| qw: Do second Lair branch before Depths: true
     0 | D:1      | 0 ||| qw: Lair rune preference: random
     0 | D:1      | 0 ||| qw: Plans: Normal
     0 | D:1      | 0 ||| PLANNING D:1-11
    31 | D:1      | Reached skill level 3 in Axes
   166 | D:1      | Reached XP level 2. HP: 17/19 MP: 3/3
   337 | D:1      | 337 ||| Stepping ~*~*~tactically~*~*~ (stealth).
   487 | D:1      | Reached XP level 3. HP: 23/23 MP: 4/4
   748 | D:1      | Found a faded altar of an unknown god.
   810 | D:1      | 810 ||| Stepping ~*~*~tactically~*~*~ (stealth).
   823 | D:1      | Reached skill level 4 in Axes
   986 | D:1      | 986 ||| UPGRADING to +1 plate armour of fire resistance.
   996 | D:1      | 996 ||| DROPPING +0 robe.
   997 | D:1      | 997 ||| DROPPING +6 ring of intelligence.
   998 | D:1      | 998 ||| UPGRADING to ring of see invisible.
   999 | D:1      | 999 ||| READING scroll labelled MELI VOAPSAFF.
  1000 | D:1      | 1000 ||| READING scroll labelled XUGGAG LYQO.
  1001 | D:1      | 1001 ||| READING 2 scrolls labelled IMACOOWAEPH.
  1002 | D:1      | 1002 ||| READING scroll labelled ZIUG XUMEAQYDU.
  1002 | D:1      | Identified a scroll of acquirement
  1002 | D:1      | 1002 ||| ACQUIRING +1 war axe of flaming
  1002 | D:1      | Acquired a +1 war axe of flaming
  1004 | D:1      | 1004 ||| SWAPPING to +1 war axe of flaming.
  1005 | D:1      | 1005 ||| DROPPING -1 hand axe of flaming.
  1006 | D:1      | 1006 ||| DROPPING scroll of amnesia.
  1057 | D:2      | 1057 ||| Stepping ~*~*~tactically~*~*~ (stealth).
  1063 | D:2      | Reached skill level 1 in Armour
  1184 | D:2      | 1184 ||| Stepping ~*~*~tactically~*~*~ (stealth).
  1196 | D:2      | Reached XP level 4. HP: 25/28 MP: 5/5
  1286 | D:2      | 1286 ||| Stepping ~*~*~tactically~*~*~ (hiding).
  1903 | D:2      | 1903 ||| UPGRADING to +2 cloak.
  1908 | D:2      | 1908 ||| UPGRADING to amulet of reflection.
  1913 | D:2      | 1913 ||| READING scroll labelled OJO XI XIN.
  1914 | D:2      | 1914 ||| READING scroll labelled WAURICE OFURO.
  1915 | D:2      | 1915 ||| READING scroll labelled WIUPLE XYIMIC.
  2008 | D:3      | Reached XP level 5. HP: 32/32 MP: 6/6
  2384 | D:3      | Reached skill level 5 in Axes
  2555 | D:3      | Noticed a moth of wrath
  2556 | D:3      | 2556 ||| READING scroll labelled VYPNANEKKU.
  2784 | D:3      | Noticed Sigmund
  2817 | D:3      | Killed Sigmund
  2818 | D:3      | Reached XP level 6. HP: 26/37 MP: 7/7
  2981 | D:3      | 2981 ||| Stepping ~*~*~tactically~*~*~ (hiding).
  3271 | D:3      | 3271 ||| DRINKING 2 fizzy grey potions.
  3272 | D:3      | 3272 ||| DRINKING 2 smoky emerald potions.
  3273 | D:3      | 3273 ||| DROPPING potion of flight.
  3274 | D:3      | 3274 ||| DROPPING potion of attraction.
  3343 | D:4      | 3343 ||| STAIRDANCE
  3562 | D:4      | 3562 ||| Stepping ~*~*~tactically~*~*~ (hiding).
  3574 | D:4      | 3574 ||| INVOKING Fiery Armour.
  3627 | D:4      | Reached XP level 7. HP: 31/43 MP: 8/8
  3649 | D:4      | 3649 ||| Stepping ~*~*~tactically~*~*~ (stealth).
  3666 | D:4      | 3666 ||| Stepping ~*~*~tactically~*~*~ (stealth).
  3684 | D:4      | 3684 ||| Stepping ~*~*~tactically~*~*~ (stealth).
  3686 | D:4      | 3686 ||| Stepping ~*~*~tactically~*~*~ (stealth).
  3694 | D:4      | 3694 ||| Stepping ~*~*~tactically~*~*~ (stealth).
  3696 | D:4      | 3696 ||| Stepping ~*~*~tactically~*~*~ (stealth).
  3711 | D:4      | 3711 ||| Stepping ~*~*~tactically~*~*~ (stealth).
  3712 | D:4      | 3712 ||| Stepping ~*~*~tactically~*~*~ (stealth).
  3876 | D:4      | Found a burning altar of Makhleb.
  3944 | D:4      | Found a glowing golden altar of the Shining One.
  3999 | D:4      | 3999 ||| Stepping ~*~*~tactically~*~*~ (hiding).
  4171 | D:4      | Noticed Edmund
  4184 | D:4      | 4184 ||| INVOKING Fiery Armour.
  4185 | D:4      | Killed Edmund
  4186 | D:4      | Reached skill level 6 in Axes
  4424 | D:4      | 4424 ||| UPGRADING to +0 pair of gloves.
  4429 | D:4      | 4429 ||| DRINKING 2 white potions.
  4446 | D:5      | Entered Level 5 of the Dungeon
  4594 | D:5      | 4594 ||| INVOKING Fiery Armour.
  4728 | D:5      | You fall into a shaft and drop 1 floor!
  4771 | D:6      | Reached skill level 7 in Axes
  4773 | D:6      | 4773 ||| Stepping ~*~*~tactically~*~*~ (stealth).
  4794 | D:6      | Reached XP level 8. HP: 48/48 MP: 9/9
  4903 | D:6      | 4903 ||| Stepping ~*~*~tactically~*~*~ (hiding).
  5028 | D:6      | Identified the +9 war axe of the Girdle {flame, rF+}
  5048 | D:6      | 5048 ||| SWAPPING to +9 war axe of the Girdle {flame, rF+}.
  5049 | D:6      | 5049 ||| DROPPING +1 war axe of flaming.
  5157 | D:6      | 5157 ||| UPGRADING to ring of resist corrosion.
  5158 | D:6      | 5158 ||| READING scroll labelled MEDWONK YDAPN.
  5191 | D:6      | 5191 ||| READING 2 scrolls of identify.
  5191 | D:6      | 5191 ||| IDENTIFYING red potion
  5192 | D:6      | 5192 ||| DROPPING potion of lignification.
  5334 | D:5      | Found a staircase to the Ecumenical Temple.
  5354 | D:5      | Reached skill level 8 in Axes
  5384 | D:5      | 5384 ||| Stepping ~*~*~tactically~*~*~ (stealth).
  5841 | D:5      | Reached skill level 6 in Fighting
  5929 | D:6      | 5929 ||| Stepping ~*~*~tactically~*~*~ (hiding).
  6071 | D:6      | 6071 ||| INVOKING Fiery Armour.
  6073 | D:6      | Mangled by an ogre

Levels and vault maps discovered:
D:1:      dpeg_arrival_prison, layout_basic, shapermc_ecumenical_altar_acropolis
D:2:      minmay_alternating_diamond, layout_basic, minmay_circle_x
D:3:      layout_basic, tgw_trog, serial_glass, glass_columns_a,
          glass_columns_c, amcnicky_mini_rare_corridor_liquid,
          kennysheep_generic_room_14, uniq_sigmund
D:4:      layout_loops_cross, mainiacjoe_overflow_paths, amcnicky_altar_gilded,
          uniq_edmund
D:5:      layout_basic, temple_doors_e, minmay_fractal_squares_gapless_5
D:6:      layout_basic, evilmike_ruin_ashenzari, serial_corexii_hall,
          corexii_hall_statues_s, corexii_hall_statues_x

Skill      XL: |  1  2  3  4  5  6  7  8 |
---------------+-------------------------+-----
Axes           | 3 4 5 7 8 |  8.2
Armour         | 1 2 4 5 |  5.3
Fighting       | 4 6 |  6.0
Spellcasting   | |  1.0
Fire Magic     | |  3.0

Action                     |  1- 3 |  4- 6 |  7- 9 || total
---------------------------+-------+-------+-------++-------
  Melee: Hand axe          |    91 |       |       ||    91
         War axe           |    22 |   140 |   163 ||   325
         Punch             |       |       |     5 ||     5
  Throw: Boomerang         |       |    22 |    16 ||    38
 Invoke: Fiery Armour      |       |     1 |     3 ||     4
    Use: Scroll            |     4 |     4 |     2 ||    10
         Potion            |       |     2 |     1 ||     3
 Armour: Robe              |    37 |       |       ||    37
         Plate armour      |    12 |   133 |    81 ||   226
  Dodge: Dodged            |    59 |    35 |    33 ||   127
  Block: Other             |       |    12 |    31 ||    43

Table legend:
 A = Non-vault XP
 B = Vault XP
 C = Vault XP percentage of total XP
 D = Non-vault monster count
 E = Vault monster count
 F = Vault count percentage of total count
                 A         B        C        D         E       F
            +---------+---------+-------+---------+---------+-------
      Total |    1595 |     616 |  27.9 |     107 |      20 |  15.7
            +---------+---------+-------+---------+---------+-------
        D:1 |      52 |       6 |  10.3 |      29 |       3 |   9.4
        D:2 |      62 |      33 |  34.7 |      18 |      10 |  35.7
        D:3 |      98 |     225 |  69.7 |      12 |       2 |  14.3
        D:4 |     246 |     157 |  39.0 |      19 |       1 |   5.0
        D:5 |     506 |     195 |  27.8 |      18 |       4 |  18.2
        D:6 |     631 |       0 |   0.0 |      11 |       0 |   0.0
            +---------+---------+-------+---------+---------+-------
